 Dungeon Crawl Stone Soup version 0.21-a0-476-gd103f4b (webtiles) character file.

26 dvd the Cudgeler (level 2, 0/43 HPs)
             Began as a Troll Berserker on Nov 22, 2017.
             Was a Follower of Trog.
             Slain by a gnoll
             ... wielding a +1 halberd of flaming
              (8 damage)
             ... on level 1 of the Dungeon.
             The game lasted 00:00:40 (231 turns).

dvd the Cudgeler (Troll Berserker)                   Turns: 231, Time: 00:00:41

Health: 0/43       AC:  5    Str: 29    XL:     2   Next: 89%
Magic:  1/1        EV: 10    Int:  3    God:    Trog [*.....]
Gold:   10         SH:  0    Dex:  9    Spells: 1/1 levels left

rFire    . . .     SeeInvis .   a - +0 mace
rCold    . . .     Gourm    +   (no shield)
rNeg     . . .     Faith    .   b - +0 animal skin
rPois    .         Spirit   .   (helmet restricted)
rElec    .         Reflect  .   (no cloak)
rCorr    .         Harm     .   (gloves unavailable)
MR       .....                  (boots unavailable)
Stlth    ..........             (no amulet)
HPRegen  0.54/turn              (no ring)
MPRegen  0.07/turn              (no ring)

@: berserking, very quick
A: unfitting armour, claws 3, fast metabolism 3, gourmand, regeneration 1,
shaggy fur 1, tough skin 2
a: Berserk, Burn Spellbooks, Renounce Religion


You were on level 1 of the Dungeon.
You worshipped Trog.
Trog was aware of your devotion.
You were full.

You visited 1 branch of the dungeon, and saw 1 of its levels.

You collected 10 gold pieces.

Inventory:

Hand Weapons
 a - a +0 mace (weapon)
 d - a +0 spear of freezing
Armour
 b - a +0 animal skin (worn)
Scrolls
 e - a scroll of fear {unknown}
 f - a scroll of magic mapping {unknown}
Comestibles
 c - 2 bread rations
 g - a meat ration
 h - 3 chunks of flesh


   Skills:
 + Level 2.7 Fighting
 + Level 3.1 Maces & Flails
 + Level 2.7 Dodging


You had one spell level left.
You didn't know any spells.

Dungeon Overview and Level Annotations

Branches:
Dungeon (1/15)

Altars:


Innate Abilities, Weirdness & Mutations

You are too large for most types of armour.
You have claws for hands.
Your metabolism is lightning-fast.
You like to eat raw meat.
Your natural rate of healing is unusually fast.
You are covered in fur. (AC +1)
You have very tough skin. (AC +2)


Message History

You hit the gnoll.
The gnoll is heavily wounded.
The gnoll hits you with a halberd of flaming!
The gnoll burns you.
You closely miss the gnoll.
The gnoll is heavily wounded.
The gnoll hits you with a halberd of flaming.
The gnoll burns you.
You closely miss the gnoll.
The gnoll is heavily wounded.
You barely miss the gnoll.
The gnoll is heavily wounded.
The gnoll hits you with a halberd of flaming!
* * * LOW HITPOINT WARNING * * *
The gnoll burns you.
* * * LOW HITPOINT WARNING * * *
You closely miss the gnoll.
The gnoll is heavily wounded.
The gnoll hits you with a halberd of flaming!
You die...

## .# #.#.# #. .# #.#.#
###.#. #######.#.#
#..... ......#.#.#
#....# #.....#.#.#
#....# #.........#
#....####....#..#######
#.###รท#.####.#.........
##@#.# #.#.########
#.#g## #.#.#
##.#.###.#'####
####.........#
#.........# #.........#
............#
##.....(....#
............#


You could see a gnoll.

Vanquished Creatures
  A gnoll (D:1)
  2 leopard geckos (D:1)
  2 giant cockroaches (D:1)
  3 goblins (D:1)
  A hobgoblin (D:1)
  A kobold (D:1)
  2 frilled lizards (D:1)
  A rat (D:1)
13 creatures vanquished.

Notes
Turn   | Place    | Note
-------+----------+-------------------------------------------
     0 | D:1      | dvd the Troll Berserker began the quest for the Orb.
     0 | D:1      | Reached XP level 1. HP: 22/22 MP: 0/0
    24 | D:1      | Reached XP level 2. HP: 17/29 MP: 1/1
    68 | D:1      | Reached skill level 3 in Maces & Flails
   231 | D:1      | Slain by a gnoll

Vault maps used:
D:1:      minmay_arrival_pointy, minivault_24

Skill      XL: |  1  2 |
---------------+-------+-----
Maces & Flails | 3 |  3.1
Fighting       | |  2.7
Dodging        | |  2.7

Action                   || total
-------------------------++-------
Melee: Mace              ||    51
Invok: Berserk           ||     1
  Eat: Chunk             ||     6
Armor: Animal skin       ||    13
Dodge: Dodged            ||    28

Table legend:
 A = Spawn XP
 B = Non-spawn XP
 C = Spawn XP percentage of total XP
 D = Spawn monster count
 E = Non-spawn monster count
 F = Spawn count percentage of total count
 G = Total turns spent on level
                    A         B        C        D         E        F      G
               +---------+---------+-------+---------+---------+-------+---------
         Total |       0 |      38 |   0.0 |       0 |      13 |   0.0 |   231
               +---------+---------+-------+---------+---------+-------+---------
           D:1 |       0 |      38 |   0.0 |       0 |      13 |   0.0 |   231
               +---------+---------+-------+---------+---------+-------+---------
